 Dungeon Crawl Stone Soup version 0.16-a0-4115-ga5ed934 (webtiles) character file.

3432 McCoppin the Quickloader (level 10, -2/67 HPs)
             Began as a Formicid Hunter on Mar 2, 2015.
             Was an Initiate of Okawaru.
             Slain by an ogre
             ... wielding a +0 giant spiked club
              (14 damage)
             ... on level 6 of the Dungeon.
             The game lasted 00:37:35 (8504 turns).

McCoppin the Quickloader (Formicid Hunter)          Turns: 8504, Time: 00:37:36

Health: -2/67      AC: 12    Str: 20    XL:     10   Next: 25%
Magic:  4/4        EV: 11    Int: 11    God:    Okawaru [......]
Gold:   351        SH:  0    Dex: 10    Spells: 0 memorised, 9 levels left

rFire  . . .     SeeInvis +     b - +2 hand crossbow
rCold  + . .     Clarity  .     D - +3 leather armour of Haasack {rElec rC+ MP-9}
rNeg   . . .     SustAb   .     (no shield)
rPois  .         Gourm    .     (helmet unavailable)
rElec  +         Spirit   .     (no cloak)
rCorr  .         Warding  .     q - +0 pair of gloves
rMut   .         Stasis   +     (no boots)
MR     +....                    (no amulet)
Stlth  +.........               (no ring)
                                v - +1 ring of protection

@: lethally poisoned (-2 -> -25), somewhat resistant to hostile enchantments,
very unstealthy
A: permanent stasis, dig shafts and tunnels, four strong arms, antennae 3,
hooves 1, rough black scales 1, blurry vision 1
a: Dig, Shaft Self, Renounce Religion


You were on level 6 of the Dungeon.
You worshipped Okawaru.
Okawaru was noncommittal.
You were not hungry.

You visited 2 branches of the dungeon, and saw 8 of its levels.

You collected 351 gold pieces.

Inventory:

Hand weapons
 a - a +0 short sword
 b - a +2 hand crossbow (weapon)
 w - a cursed +2 dagger of speed
Missiles
 c - 33 bolts (quivered)
Armour
 d - a +0 leather armour
 n - a +0 chain mail
 q - a +0 pair of gloves (worn)
 D - the +3 leather armour of Haasack (worn) {rElec rC+ MP-9}
   (You found it on level 5 of the Dungeon)

   It protects you from cold.
   It insulates you from electricity.
   It affects your magic capacity (-9).
Jewellery
 v - a +1 ring of protection (left hand)
Magical devices
 u - a wand of enslavement (4)
 A - a wand of disintegration (21)
 B - a wand of enslavement (12)
 E - a wand of draining (6)
 F - a wand of digging (7)
Scrolls
 f - a scroll of remove curse
 h - 7 scrolls of identify
 j - 2 scrolls of fog
 m - 2 scrolls of teleportation
 o - 2 scrolls of magic mapping
 r - a scroll of recharging
 x - a scroll of enchant weapon
 y - a scroll of blinking {unknown}
Potions
 e - 3 potions of curing
 g - a potion of brilliance
 i - 2 potions of heal wounds
 p - 2 potions of might
 s - 2 potions of agility {unknown}
 C - a potion of magic
Books
 l - a book of Burglary

   Spells                             Type                      Level
   a - Swiftness                      Charms/Air                   2
   b - Passwall                       Transmutation/Earth          3
   c - Passage of Golubria            Translocation                4
   d - Lee's Rapid Deconstruction     Earth                        5
   e - Invisibility                   Hexes                        6
   f - Darkness                       Hexes                        7
Comestibles
 k - 3 meat rations
 t - 3 fruits
 z - a beef jerky


   Skills:
 - Level 2.1 Fighting
 + Level 13.9 Crossbows
 - Level 1.7 Dodging
 - Level 1.2 Stealth


You had 9 spell levels left.
You didn't know any spells.

Dungeon Overview and Level Annotations

Branches:
Dungeon (7/15)             Temple (1/1) D:7

Altars:
Ashenzari
Cheibriados
Dithmenos
Elyvilon
Fedhas
Gozag
Kikubaaqudgha
Makhleb
Okawaru
Ru
Sif Muna
Trog
Vehumet
Yredelemnul
The Shining One

Shops:
D:5 *   D:6 :


Innate Abilities, Weirdness & Mutations

You are under a permanent stasis effect.
You can dig through walls and to a lower floor.
Your four strong arms can wield two-handed weapons with a shield.
You have a pair of large antennae on your head (SInv).
You have large cloven feet.
You are partially covered in rough black scales (AC +4, Dex -1).
Scrolls take you a little longer to read.


Message History

You feel sick.
You hear a blaring wail to the east.
The killer bee stings you but does no damage.
You hear a loud, deep croak!
You feel sick. The killer bee closely misses you.
There is a stone staircase leading up here.
The killer bee stings you!
You are more poisoned.
The killer bee poisons you! The killer bee stings you.
You are more poisoned.
The killer bee poisons you! The killer bee stings you!
* * * LOW HITPOINT WARNING * * *
You are more poisoned.
The killer bee poisons you! The killer bee completely misses you.
You climb upwards.
An ogre comes into view. It is wielding a giant spiked club.
* * * LOW HITPOINT WARNING * * *
You feel very sick.
The ogre hits you with a giant spiked club!
You die...

..........# ..........#
....##[...## ###
......##...## ##.#
.......[.)..# #..##
............##########...####
#.......##...##.............#
##....#####...#yOy......#####
###..## #....#@..#....##
....## ##....<.####...# ....#
##......####..## ###.#
#...#...####..# #.##
##...###..###..## ##.#
##.##..###.......# #.##
#.###..# #..####.# ##.# ###
##.# #.## #.## ### ### #.#
#..##


You could see an ogre and 2 killer bees.

Vanquished Creatures
  The ghost of 4thArraOfDagon the Cudgeler, an experienced DDAE of Makhleb (D:6)
  Prince Ribbit (D:7)
  A hippogriff (D:5)
  A water moccasin (D:6)
  An ice beast (D:5)
  A black bear (D:6)
  2 centaurs
  An ogre (D:5)
  Sigmund (D:2)
  4 giant frogs
  3 scorpions
  2 jellies
  6 wights
  A killer bee (D:7)
  4 crimson imps
  4 electric eels (D:6)
  A goliath beetle (D:6)
  8 orc priests
  A giant frog zombie (D:7)
  An iguana (D:5)
  A centaur skeleton (D:4)
  4 hounds
  6 orc wizards
  A giant frog skeleton (D:7)
  4 worker ants
  Ijyb (D:5)
  A hound zombie (D:6)
  A mummy (D:6)
  Robin (D:2)
  5 gnolls
  9 adders
  A giant mite (D:4)
  2 worms
  An adder skeleton (D:5)
  8 giant geckos
  5 oozes
  30 orcs
  2 ball pythons
  6 giant cockroaches
  24 goblins
  15 hobgoblins
  3 jackals (D:1)
  19 bats
  A giant gecko skeleton (D:5)
  6 giant newts
  A jackal zombie (D:6)
  11 kobolds
  7 rats
221 creatures vanquished.

Vanquished Creatures (collateral kills)
  A goblin (D:5)
  A quokka (D:5)
  A ball python (D:5)
3 creatures vanquished.

Vanquished Creatures (others)
  An orc (D:5)
1 creature vanquished.

Grand Total: 225 creatures vanquished

Notes
Turn   | Place    | Note
--------------------------------------------------------------
     0 | D:1      | McCoppin, the Formicid Hunter, began the quest for the Orb.
     0 | D:1      | Reached XP level 1. HP: 16/16 MP: 1/1
    58 | D:1      | Reached XP level 2. HP: 22/22 MP: 3/3
   283 | D:1      | Reached XP level 3. HP: 27/27 MP: 4/4
   389 | D:1      | Reached skill level 5 in Crossbows
   935 | D:2      | Reached XP level 4. HP: 30/33 MP: 5/5
  1078 | D:2      | Noticed Robin
  1088 | D:2      | Killed Robin
  1225 | D:2      | Found a basalt altar of Yredelemnul.
  1289 | D:2      | Reached skill level 6 in Crossbows
  1289 | D:2      | Reached XP level 5. HP: 33/38 MP: 7/7
  1537 | D:2      | Noticed Sigmund
  1553 | D:2      | Killed Sigmund
  2052 | D:3      | Reached XP level 6. HP: 44/44 MP: 8/8
  2321 | D:3      | Reached skill level 7 in Crossbows
  2806 | D:4      | Reached XP level 7. HP: 29/50 MP: 9/9
  3070 | D:4      | Reached skill level 8 in Crossbows
  3925 | D:5      | Entered Level 5 of the Dungeon
  4043 | D:5      | Reached skill level 9 in Crossbows
  4197 | D:5      | Reached XP level 8. HP: 54/56 MP: 11/11
  4278 | D:5      | Found Kiesikh's General Store.
  4383 | D:5      | Noticed Ijyb
  4402 | D:5      | Killed Ijyb
  4548 | D:5      | Noticed a hippogriff
  4556 | D:5      | Killed a hippogriff
  4573 | D:5      | Reached skill level 10 in Crossbows
  4637 | D:5      | Gained mutation: You have large cloven feet. [potion of mutation]
  4637 | D:5      | Gained mutation: Scrolls take you a little longer to read. [potion of mutation]
  4637 | D:5      | Gained mutation: You are partially covered in rough black scales (AC +4, Dex -1). [potion of mutation]
  5334 | D:5      | Got a steaming leather armour
  5347 | D:5      | Identified the +3 leather armour of Haasack {rElec rC+ MP-9} (You found it on level 5 of the Dungeon)
  5682 | D:6      | Found Blowaeva's Book Shoppe.
  5709 | D:6      | Reached skill level 11 in Crossbows
  5713 | D:6      | Reached XP level 9. HP: 58/61 MP: 3/12
  6326 | D:6      | Noticed 4thArraOfDagon's ghost (experienced DDAE)
  6685 | D:6      | Reached skill level 12 in Crossbows
  6764 | D:6      | Killed 4thArraOfDagon's ghost
  7227 | D:6      | Reached skill level 13 in Crossbows
  7240 | D:6      | Reached XP level 10. HP: 50/67 MP: 4/13
  7497 | D:7      | Found a staircase to the Ecumenical Temple.
  7510 | Temple   | Entered the Ecumenical Temple
  7561 | Temple   | Became a worshipper of Warmaster Okawaru
  7580 | D:7      | Found a radiant altar of Vehumet.
  7692 | D:7      | Found a shattered altar of Ashenzari.
  7790 | D:7      | Found a white marble altar of Elyvilon.
  7844 | D:7      | Noticed Prince Ribbit
  7866 | D:7      | Killed Prince Ribbit
  8101 | D:7      | Found a sacrificial altar of Ru.
  8504 | D:6      | Slain by an ogre

Action                   |  1- 3 |  4- 6 |  7- 9 | 10-12 || total
-------------------------+-------+-------+-------+-------++-------
 Fire: Hand crossbow     |    68 |   153 |   418 |    83 ||   722
Evoke: Wand              |       |       |     3 |     1 ||     4
  Use: Potion            |       |     8 |     1 |     2 ||    11
       Scroll            |       |     5 |     2 |       ||     7
  Eat: Bread ration      |       |     1 |     3 |     1 ||     5
       Chunk             |       |     1 |     1 |       ||     2
